 Dungeon Crawl Stone Soup version 0.23-a0-183-gf37f6fb (webtiles) character file.

198 Gildeon the Digger (level 5, 0/28 HPs)
             Began as a Gargoyle Earth Elementalist on Sept 23, 2018.
             Killed by divine providence
             ... invoked by an orc priest
              (14 damage)
             ... on level 4 of the Dungeon.
             The game lasted 00:07:52 (2148 turns).

Gildeon the Digger (Gargoyle Earth Elementalist)    Turns: 2148, Time: 00:07:53

Health: 0/28       AC:  7    Str: 11    XL:     5   Next: 76%
Magic:  6/10       EV: 12    Int: 17    God:
Gold:   162        SH:  0    Dex: 10    Spells: 1/11 levels left

rFire    + . .     SeeInvis .   e - +0 club
rCold    . . .     Gourm    .   (no shield)
rNeg     + . .     Faith    .   c - +0 robe
rPois    ∞         Spirit   .   (no helmet)
rElec    +         Reflect  .   l - +0 cloak
rCorr    .         Harm     .   (no gloves)
MR       .....                  (no boots)
Stlth    +++.......             (no amulet)
HPRegen  0.09/turn              f - ring of stealth
MPRegen  0.12/turn              a - ring of protection from fire

@: no status effects
A: negative energy resistance 1, electricity resistance, unbreathing,
petrification resistance, rot immunity, AC +4
a: no special abilities


You were on level 4 of the Dungeon.
You were not hungry.

You visited 1 branch of the dungeon, and saw 4 of its levels.

You collected 162 gold pieces.

Inventory:

Hand Weapons
 e - a +0 club (weapon)
Missiles
 b - 27 stones (quivered)
Armour
 c - a +0 robe (worn)
 l - a +0 cloak (worn)
Jewellery
 a - a ring of protection from fire (right hand)
 f - a ring of stealth (left hand)
Wands
 p - a wand of acid (4)
Scrolls
 n - a scroll of teleportation
Potions
 g - 2 potions of flight {unknown}
 h - a potion of heal wounds {unknown}
 i - a potion of ambrosia {unknown}
 j - a potion of invisibility {unknown}
 m - a potion of curing {unknown}
 o - 2 potions of resistance {unknown}
Comestibles
 d - 4 rations
 k - 4 chunks of flesh


   Skills:
 + Level 0.4 Fighting
 - Level 1.5 Dodging
 - Level 2.1 Stealth
 + Level 3.6 Spellcasting
 - Level 1.7 Conjurations
 - Level 0.7 Transmutations
 + Level 5.8 Earth Magic


You had one spell level left.
You knew the following spells:

 Your Spells              Type           Power        Failure   Level  Hunger
a - Sandblast             Erth           ###...       1%          1    None
b - Passwall              Tmut/Erth      ##......     6%          2    ##.....
c - Stone Arrow           Conj/Erth      ###...       11%         3    ###....
d - Petrify               Tmut/Erth      ##......     38%         4    ####...

Your spell library contained the following spells:

 Spells                   Type           Power        Failure   Level  Hunger
 Lee's Rapid Deconstruct  Erth           ###.......   38%         5    ######.


Dungeon Overview and Level Annotations

Branches:
Dungeon (4/15)
 Temple: D:4-7

Altars:

Annotations:
D:4 Edmund


Innate Abilities, Weirdness & Mutations

You are resistant to torment.
Your stone body is resilient. (AC +4)
You are immune to poison.
You resist negative energy. (rN+)
You are resistant to electric shocks. (rElec)
You can survive without breathing.
You are immune to petrification.
You are immune to rotting.


Message History

Aim: an orc priest The blast of sand misses the orc priest.
b - 28 stones The orc wizard shouts!
The orc priest mumbles some strange prayers to Beogh against you.
Beogh smites you!
Ouch! That really hurt!
Casting: Sandblast (safe; 1% risk of failure)
Confirm with . or Enter, or press ? or * to list all spells.
Aiming: Sandblast (safe; 1% risk of failure)
Press: ? - help, Shift-Dir - straight line, f/p - orc priest
Aim: an orc priest The blast of sand hits the orc.
You kill the orc!
b - 27 stones An orc priest comes into view.
It is wielding a short sword.
The orc priest invokes the aid of Beogh against you.
Beogh smites you!
Ouch! That really hurt!
You die...

#.# #.# ### #.# #.#
##.. #.# #.# ##.##
#.# #.# #.## #.# #.#
#.# #.# #.# #.##
##.######.#####.##
##!..#.............
##.@....############
#o.........)...
.o.o......#######
..o####...#.# .#
##.##.# .....#
###.### .#


You could see 2 orc priests, an orc wizard and an orc.

Vanquished Creatures
  An ogre (D:3)
  4 gnolls (D:2)
  3 adders
  A worm (D:3)
  A dart slug (D:2)
  A leopard gecko (D:3)
  An orc (D:4)
  4 giant cockroaches
  5 goblins
  6 hobgoblins
  2 jackals (D:3)
  2 kobolds
  A quokka (D:4)
  A ball python (D:1)
  7 bats
  2 frilled lizards
  3 rats (D:1)
45 creatures vanquished.

Notes
Turn   | Place    | Note
-------+----------+-------------------------------------------
     0 | D:1      | Gildeon the Gargoyle Earth Elementalist began the quest for
                  | the Orb.
     0 | D:1      | Reached XP level 1. HP: 10/10 MP: 3/3
    32 | D:1      | Reached skill level 4 in Earth Magic
    49 | D:1      | You fall through a shaft!
    76 | D:1      | Reached XP level 2. HP: 15/15 MP: 3/5
   686 | D:2      | Learned a level 2 spell: Passwall
   697 | D:2      | Reached XP level 3. HP: 19/19 MP: 1/6
   708 | D:2      | Learned a level 3 spell: Stone Arrow
  1000 | D:2      | Reached skill level 5 in Earth Magic
  1000 | D:2      | Reached XP level 4. HP: 24/24 MP: 3/8
  1397 | D:3      | Found a faded altar of an unknown god.
  1702 | D:3      | Noticed an ogre
  1708 | D:3      | Killed an ogre
  1708 | D:3      | Reached skill level 1 in Conjurations
  1708 | D:3      | Reached XP level 5. HP: 28/28 MP: 3/10
  1716 | D:3      | Learned a level 4 spell: Petrify
  1963 | D:4      | Noticed Edmund
  2148 | D:4      | Killed from afar by an orc priest

Vault maps used:
D:1:      minmay_arrival_diagonal_passages, item_on_display_a
D:2:      serial_glass, glass_columns_a, glass_columns_a, solitary_fountain
D:3:      chequers_ecumenical_altar_twisty, minmay_crystal_room
D:4:      first_ration, makhleb_altar_promises_db, uniq_edmund, uniq_eustachio

Skill      XL: |  1  2  3  4 |
---------------+-------------+-----
Earth Magic    | 4 5 |  5.8
Spellcasting   | 3 |  3.6
Conjurations   | 1 |  1.7
Fighting       | |  0.4
Dodging        | |  1.5
Stealth        | |  2.1
Transmutations | |  0.7

Action                   |  1- 3 |  4- 6 || total
-------------------------+-------+-------++-------
Melee: Club              |       |     4 ||     4
 Cast: Sandblast         |    36 |    26 ||    62
  Use: Scroll            |       |     5 ||     5
 Stab: Sleeping          |       |     3 ||     3
  Eat: Chunk             |     1 |     1 ||     2
       Ration            |       |     1 ||     1
Armor: Robe              |     2 |     4 ||     6
Dodge: Dodged            |     4 |    11 ||    15

Table legend:
 A = Non-vault XP
 B = Vault XP
 C = Vault XP percentage of total XP
 D = Non-vault monster count
 E = Vault monster count
 F = Vault count percentage of total count
                 A         B        C        D         E       F
            +---------+---------+-------+---------+---------+-------
      Total |     283 |       0 |   0.0 |      45 |       0 |   0.0
            +---------+---------+-------+---------+---------+-------
        D:1 |      26 |       0 |   0.0 |      16 |       0 |   0.0
        D:2 |     103 |       0 |   0.0 |      16 |       0 |   0.0
        D:3 |     136 |       0 |   0.0 |      10 |       0 |   0.0
        D:4 |      18 |       0 |   0.0 |       3 |       0 |   0.0
            +---------+---------+-------+---------+---------+-------
